 Dungeon Crawl Stone Soup version 0.31-a0-182-gc5ef74bbde (webtiles) character file.

Game seed: 950294725367135985

519 qw the Chopper (level 7, -4/43 HPs)
             Began as a Gargoyle Fighter on June 21, 2023.
             Slain by a troll (11 damage)
             ... on level 5 of the Dungeon.
             The game lasted 00:01:40 (3733 turns).

qw the Chopper (Gargoyle Fighter)                   Turns: 3733, Time: 00:01:41

Health: -4/43      AC: 16    Str: 21    XL:     7   Next: 21%
Magic:  7/7        EV:  8    Int:  9    God:
Gold:   192        SH:  4    Dex:  9    Spells: 6/6 levels left

rFire   + . .        Y - +0 war axe
rCold   . . .        c - +0 buckler
rNeg    + . .        f - +0 chain mail
rPois   inf          a - +0 helmet
rElec   +            i - +0 cloak
rCorr   .            (no gloves)
SInv    .            (no boots)
Will    .....        (no amulet) Stlth
                     g - ring of protection from fire
HPRegen 0.27/turn    (no ring)
MPRegen 0.10/turn

%: no passive effects
@: no status effects
A: sickness immunity, AC +4, negative energy resistance 1, electricity
resistance, torment resistance 1, petrification resistance
a: no special abilities


You were on level 5 of the Dungeon.
You visited 1 branch of the dungeon, and saw 5 of its levels.

You collected 192 gold pieces.


Innate Abilities, Weirdness & Mutations

You are immune to sickness and miasma.
Your stone body is resilient. (AC +4)
You are immune to poison.
You resist negative energy. (rN+)
You are resistant to electric shocks. (rElec)
You are resistant to unholy torment.
You are immune to petrification.


   Skills:
 - Level 4.0 Fighting
 + Level 6.4 Axes
 - Level 3.2 Armour
 - Level 1.3 Dodging
 - Level 3.2 Shields


You had 6 spell levels left.
You didn't know any spells.
Your spell library was empty.

Inventory:

Hand Weapons
 k - a +2 hand axe of flaming
 Y - a +0 war axe (weapon)
Armour
 a - a +0 helmet (worn)
 c - a +0 buckler (worn)
 f - a +0 chain mail (worn)
 i - a +0 cloak (worn)
Jewellery
 g - a ring of protection from fire (left hand)
 h - a ring of fire
Scrolls
 b - 2 scrolls of identify
 j - a scroll of fear {unknown}
 n - a scroll of enchant weapon {unknown}
Potions
 d - a potion of might
 e - a potion of lignification {unknown}
 l - a potion of magic {unknown}
 m - a potion of cancellation {unknown}

Dungeon Overview and Level Annotations

Branches:
Dungeon (5/15)
 Temple: D:4-7

Altars:
Gozag
The Shining One

Shops:
D:5 *

Annotations:
D:3 exclusion: 3 iron imps


Message History

You block the troll's attack. The ufetubus closely misses you. x2
A dart slug comes into view.
You barely miss the orc.
The orc is heavily wounded.
You barely miss the ufetubus. You barely miss the troll.
The ufetubus hits you but does no damage.
The ufetubus barely misses you. The troll bites you but does no damage.
The troll claws you but does no damage. You block the troll's attack.
The orc hits you with a +0 club. The ufetubus hits you.
The ufetubus closely misses you. The orc hits you but does no damage.
The troll bites you but does no damage. The troll claws you.
The troll claws you but does no damage.
You hit the orc.
You kill the orc!
You barely miss the troll. You hit the ufetubus.
The ufetubus barely misses you.
The ufetubus hits you but does no damage.
The ufetubus barely misses you. x2; The troll bites you but does no damage.
The troll claws you! You block the troll's attack.
You slash the troll!
The troll is heavily wounded.
You hit the ufetubus.
The ufetubus hits you but does no damage. x2
The troll bites you but does no damage. The troll claws you.
The troll claws you but does no damage. You block the ufetubus's attack.
The ufetubus barely misses you.
You closely miss the troll.
The troll is heavily wounded.
You hit the ufetubus but do no damage.
The ufetubus hits you but does no damage. x2
The troll closely misses you. The troll claws you. The troll claws you!
The ufetubus hits you but does no damage.
The ufetubus closely misses you.
You hit the troll but do no damage.
The troll is heavily wounded.
You barely miss the ufetubus.
The ufetubus hits you but does no damage. x2
The troll bites you but does no damage. The troll claws you but does no damage.
You block the troll's attack. The troll bites you. The troll claws you!
You die...

### ###.#####
#####.......##
#......#.....#
#.)@.######..#
......5T.# ###..######
#.......... #.........##
...=w..................#
##.......######.<....###
#......... #.......#
.#........ ##.......##
.......... ..........#
...........#


You could see a troll, a dart slug and an ufetubus.

Vanquished Creatures
  A black bear (D:4)
  3 scorpions
  2 hounds (D:5)
  A jelly (D:5)
  An orc wizard (D:4)
  A gnoll (D:4)
  6 adders
  An ufetubus (D:5)
  A worm (D:2)
  13 orcs
  5 ball pythons
  3 bats
  8 endoplasms
  4 giant cockroaches
  2 hobgoblins (D:2)
  4 quokkas
  2 frilled lizards
  4 goblins
  A kobold (D:2)
  8 rats
71 creatures vanquished.

Notes
Turn   | Place    | Note
-------+----------+-------------------------------------------
     0 | D:1      | qw the Gargoyle Fighter began the quest for the Orb.
     0 | D:1      | Reached XP level 1. HP: 14/14 MP: 1/1
     0 | D:1      | 0 ||| qw: Version: 0.3-a-9-g12657ce
     0 | D:1      | 0 ||| qw: Game counter: 1579
     0 | D:1      | 0 ||| qw: Always use a shield: true
     0 | D:1      | 0 ||| qw: God list: Okawaru
     0 | D:1      | 0 ||| qw: Allow faded altars: false
     0 | D:1      | 0 ||| qw: Do Orc after D:15 true
     0 | D:1      | 0 ||| qw: Do second Lair branch before Depths: true
     0 | D:1      | 0 ||| qw: Lair rune preference: random
     0 | D:1      | 0 ||| qw: Plans: Normal, Zot:1-4, Slime:5, God:TSO, Crypt,
                  | Tomb, Abyss, Pan, Hells, Win
     0 | D:1      | 0 ||| PLANNING D:1-11
   162 | D:1      | Reached skill level 2 in Axes
   252 | D:1      | HP: 1/14 [frozen (3)]
   255 | D:1      | Reached XP level 2. HP: 2/19 MP: 2/2
   854 | D:1      | 854 ||| UPGRADING to +0 chain mail.
   864 | D:1      | 864 ||| DROPPING +0 scale mail.
   865 | D:1      | 865 ||| UPGRADING to +1 hat.
   870 | D:1      | 870 ||| UPGRADING to ring of protection from fire.
   871 | D:1      | 871 ||| READING scroll labelled QEATAU IBEUXT.
   872 | D:1      | 872 ||| READING scroll labelled LAV YNWIEHOENTUPS.
   907 | D:2      | Found a glowing golden altar of the Shining One.
  1129 | D:2      | Reached skill level 3 in Axes
  1349 | D:2      | Reached XP level 3. HP: 23/23 MP: 3/3
  1752 | D:2      | 1752 ||| UPGRADING to +0 helmet.
  1762 | D:2      | 1762 ||| DROPPING +1 hat.
  1763 | D:2      | 1763 ||| READING scroll labelled WOMPIUSCH APRE.
  1766 | D:2      | 1766 ||| READING scroll labelled JIPTET WILON.
  1767 | D:2      | 1767 ||| READING scroll labelled BEUVONLIME.
  1783 | D:2      | 1783 ||| DRINKING 2 puce potions.
  1836 | D:3      | Found a faded altar of an unknown god.
  1902 | D:3      | 1902 ||| Stepping ~*~*~tactically~*~*~ (stealth).
  1994 | D:3      | 1994 ||| DROPPING +0 mace.
  2260 | D:3      | 2260 ||| READING scroll labelled MOUKUE GEIQA.
  2302 | D:3      | 2302 ||| READING scroll labelled BUGRUA URPHEBY.
  2303 | D:3      | 2303 ||| DRINKING 2 clear potions.
  2352 | D:4      | Reached XP level 4. HP: 26/28 MP: 4/4
  2356 | D:4      | 2356 ||| STAIRDANCE
  2370 | D:3      | Reached skill level 4 in Axes
  2465 | D:4      | 2465 ||| Stepping ~*~*~tactically~*~*~ (stealth).
  2469 | D:4      | 2469 ||| Stepping ~*~*~tactically~*~*~ (stealth).
  2470 | D:4      | 2470 ||| Stepping ~*~*~tactically~*~*~ (stealth).
  2483 | D:4      | 2483 ||| Stepping ~*~*~tactically~*~*~ (stealth).
  2485 | D:4      | 2485 ||| Stepping ~*~*~tactically~*~*~ (stealth).
  2496 | D:4      | 2496 ||| Stepping ~*~*~tactically~*~*~ (hiding).
  2497 | D:4      | 2497 ||| Stepping ~*~*~tactically~*~*~ (hiding).
  2502 | D:4      | 2502 ||| DRINKING potion of curing.
  2502 | D:4      | 2502 ||| (to cure confusion)
  2539 | D:4      | Noticed a black bear
  2552 | D:4      | HP: 5/28 [black bear (5)]
  2553 | D:4      | 2553 ||| READING scroll of teleportation.
  2554 | D:4      | 2554 ||| DRINKING potion of heal wounds.
  2573 | D:4      | 2573 ||| FLEEEEING.
  2574 | D:4      | 2574 ||| FLEEEEING.
  2575 | D:4      | 2575 ||| FLEEEEING.
  2576 | D:4      | 2576 ||| FLEEEEING.
  2577 | D:4      | 2577 ||| FLEEEEING.
  2578 | D:4      | 2578 ||| FLEEEEING.
  2579 | D:4      | 2579 ||| FLEEEEING.
  2580 | D:4      | 2580 ||| FLEEEEING.
  2581 | D:4      | 2581 ||| FLEEEEING.
  2582 | D:4      | 2582 ||| FLEEEEING.
  2583 | D:4      | 2583 ||| FLEEEEING.
  2584 | D:4      | 2584 ||| FLEEEEING.
  2585 | D:4      | 2585 ||| FLEEEEING.
  2586 | D:4      | 2586 ||| FLEEEEING.
  2587 | D:4      | 2587 ||| FLEEEEING.
  2590 | D:4      | 2590 ||| FLEEEEING.
  2591 | D:4      | 2591 ||| FLEEEEING.
  2593 | D:4      | 2593 ||| FLEEEEING.
  2594 | D:4      | 2594 ||| FLEEEEING.
  2595 | D:4      | 2595 ||| STAIRDANCE
  2690 | D:4      | Reached XP level 5. HP: 32/32 MP: 5/5
  2880 | D:4      | 2880 ||| DROPPING +0 flail.
  2900 | D:4      | Killed a black bear
  2901 | D:4      | Reached skill level 5 in Axes
  2901 | D:4      | Reached XP level 6. HP: 29/37 MP: 6/6
  3260 | D:4      | 3260 ||| UPGRADING to +0 cloak.
  3265 | D:4      | 3265 ||| DRINKING 2 blue potions.
  3370 | D:4      | 3370 ||| DROPPING potion of berserk rage.
  3418 | D:5      | Entered Level 5 of the Dungeon
  3457 | D:5      | Found an opulent altar of Gozag.
  3460 | D:5      | Found Gozag's Platinum Reserve.
  3472 | D:5      | 3472 ||| SHOPLISTING ring of Ibber {Str+6 Int+2 Dex+2}
                  | (5140 gold, have 178).
  3523 | D:5      | Reached skill level 6 in Axes
  3600 | D:5      | Reached skill level 1 in Dodging
  3600 | D:5      | Reached XP level 7. HP: 43/43 MP: 7/7
  3627 | D:5      | 3627 ||| Stepping ~*~*~tactically~*~*~ (stealth).
  3720 | D:5      | Noticed a troll
  3733 | D:5      | HP: 7/43 [troll (4)]
  3733 | D:5      | Slain by a troll

Levels and vault maps discovered:
D:1:      scummos_arrival_forest, layout_basic, kennysheep_boxes
D:2:      layout_basic, basic_altar, kennysheep_potato
D:3:      layout_rooms, demons_altar, shapermc_ecumenical_altar_mp_highgroup
D:4:      nicolae_BIG_FREAKIN_CUBE, layout_loops_ring, st_stairs_2,
          kennysheep_generic_room_5
D:5:      layout_cave_pools, nicolae_gozag_zags_fifth_avenue,
          lemuel_coloured_pillars_altar, mainiacjoe_overflow_catch_the_wave

Skill      XL: |  1  2  3  4  5  6 |
---------------+-------------------+-----
Axes           | 2 3 4 5 6 |  6.4
Fighting       | 4 |  4.0
Dodging        | 1 |  1.3
Armour         | |  3.2
Shields        | |  3.2

Action                     |  1- 3 |  4- 6 |  7- 9 || total
---------------------------+-------+-------+-------++-------
  Melee: War axe           |   105 |   102 |    14 ||   221
  Throw: Boomerang         |     2 |       |       ||     2
    Use: Scroll            |     7 |     1 |       ||     8
         Potion            |     2 |     3 |       ||     5
 Armour: Scale mail        |    11 |       |       ||    11
         Chain mail        |    30 |    91 |    30 ||   151
  Dodge: Dodged            |    41 |    47 |    17 ||   105
  Block: Buckler           |    18 |    19 |    10 ||    47

Table legend:
 A = Non-vault XP
 B = Vault XP
 C = Vault XP percentage of total XP
 D = Non-vault monster count
 E = Vault monster count
 F = Vault count percentage of total count
                 A         B        C        D         E       F
            +---------+---------+-------+---------+---------+-------
      Total |     686 |      56 |   7.5 |      61 |      10 |  14.1
            +---------+---------+-------+---------+---------+-------
        D:1 |      22 |       0 |   0.0 |      13 |       0 |   0.0
        D:2 |      21 |       8 |  27.6 |      13 |       3 |  18.8
        D:3 |      15 |      14 |  48.3 |       9 |       1 |  10.0
        D:4 |     383 |      34 |   8.2 |      14 |       6 |  30.0
        D:5 |     245 |       0 |   0.0 |      12 |       0 |   0.0
            +---------+---------+-------+---------+---------+-------
